 Dungeon Crawl Stone Soup version 0.23.1-37-gaa34b87b72 (webtiles) character file.

Game seed: 4690234946921051175

203 Forgol the Slasher (level 5, -2/41 HPs)
             Began as a Demonspawn Fighter on Mar 22, 2019.
             Slain by a gnoll
             ... wielding a +0 halberd
              (11 damage)
             ... on level 3 of the Dungeon.
             The game lasted 00:08:13 (3080 turns).

Forgol the Slasher (Demonspawn Fighter)             Turns: 3080, Time: 00:08:14

Health: -2/41      AC: 10    Str: 23    XL:     5   Next: 51%
Magic:  5/5        EV:  7    Int:  9    God:
Gold:   156        SH:  9    Dex: 12    Spells: 4/4 levels left

rFire    . . .     SeeInvis +   t - +0 falchion (slice)
rCold    . . .     Gourm    .   c - +0 shield
rNeg     . . .     Faith    .   b - +0 scale mail
rPois    .         Spirit   .   w - +1 helmet
rElec    .         Reflect  .   o - +0 cloak
rCorr    .         Harm     .   (no gloves)
MR       +....                  (no boots)
Stlth    +.........             (no amulet)
HPRegen  0.13/turn              h - ring of protection from magic
MPRegen  0.09/turn              l - ring of see invisible

@: mighty
A: nightstalker 1, powered by death 1
a: no special abilities


You were on level 3 of the Dungeon.
You were not hungry.

You visited 1 branch of the dungeon, and saw 3 of its levels.

You collected 156 gold pieces.

Inventory:

Hand Weapons
 t - a +0 falchion of slicing (weapon)
Armour
 b - a +0 scale mail (worn)
 c - a +0 shield (worn)
 o - a +0 cloak (worn)
 w - a +1 helmet (worn)
Jewellery
 h - a ring of protection from magic (left hand)
 l - a ring of see invisible (right hand)
Scrolls
 e - a scroll of identify
 j - a scroll of blinking
 k - a scroll of remove curse
 n - a scroll of amnesia
Potions
 g - a potion of flight {unknown}
 i - a potion of heal wounds {unknown}
 m - 4 potions of curing {unknown}
 p - 2 potions of ambrosia {unknown}
 q - 3 potions of invisibility {unknown}
Comestibles
 a - 7 chunks of flesh
 f - 7 rations


   Skills:
 + Level 3.2 Fighting
 * Level 4.3 Long Blades
 + Level 3.8 Armour
 - Level 2.6 Shields


You had 4 spell levels left.
You didn't know any spells.
Your spell library contained the following spells:

 Spells                   Type           Power        Failure   Level  Hunger
 Corona                   Hex            #......      99%         1    ##.....
 Ensorcelled Hibernation  Hex/Ice        #.....       100%        2    ###....
 Confuse                  Hex            #.......     100%        3    ####...
 Dazzling Spray           Conj/Hex       #.....       100%        3    ####...
 Tukima's Dance           Hex            #.......     100%        3    ####...


Dungeon Overview and Level Annotations

Branches:
Dungeon (3/15)

Altars:
Ashenzari
Cheibriados
Ru
Uskayaw


Innate Abilities, Weirdness & Mutations

You are slightly more attuned to the shadows.
You regenerate a little health from kills.


Message History

You hit the gnoll shaman.
You kill the gnoll shaman!
The gnoll hits you but does no damage. You block the gnoll's attack.
You closely miss the gnoll.
The gnoll is lightly wounded.
The gnoll hits you but does no damage.
The gnoll hits you from afar with a +0 spear.
The gnoll hits you but does no damage. You block the gnoll's attack.
You hit the gnoll.
The gnoll is moderately wounded.
The gnoll closely misses you.
The gnoll hits you but does no damage. x2
You block the gnoll's attack.
You closely miss the gnoll.
The gnoll is moderately wounded.
You block the gnoll's attack. The gnoll hits you with a +0 whip.
* * * LOW HITPOINT WARNING * * *
The gnoll hits you from afar with a +0 spear.
* * * LOW HITPOINT WARNING * * *
The gnoll hits you from afar with a +0 halberd!
You die...

#≈≈≈.≈.........
#≈≈≈≈≈≈≈≈≈..##.#
≈≈≈≈≈≈≈≈≈≈.####.#
##≈≈≈≈≈≈≈≈.# #.#
######≈≈≈≈.# #.#
#.##.≈≈≈≈≈≈# #.#
#.##..≈≈≈≈≈# #.#
####g##..≈≈≈≈.# #..
#..@)...≈≈≈≈≈.####..
#g##.#...≈≈≈≈.......
#. #g#.g..≈≈≈..#....
#. #.#g.≈≈≈≈≈≈###...
#g #.(...≈≈≈≈.# ##.#
#. ##.#.≈≈≈.≈≈# #.#
#. #.#.≈≈≈≈≈≈# #.#
#.#.≈≈≈≈≈## ###
.....≈≈≈≈≈#


You could see 3 gnolls.

Vanquished Creatures
  An orc priest (D:3)
  A gnoll shaman (D:3)
  An orc wizard (D:3)
  Robin (D:2)
  2 adders
  An ooze (D:1)
  2 worms (D:2)
  3 dart slugs (D:1)
  2 leopard geckos (D:3)
  8 orcs (D:3)
  A ball python (D:3)
  3 giant cockroaches (D:2)
  9 hobgoblins
  2 jackals (D:1)
  A quokka (D:3)
  10 bats
  4 frilled lizards
  5 goblins (D:2)
  4 kobolds
  7 rats
68 creatures vanquished.

Notes
Turn   | Place    | Note
-------+----------+-------------------------------------------
     0 | D:1      | Forgol the Demonspawn Fighter began the quest for the Orb.
     0 | D:1      | Reached XP level 1. HP: 18/18 MP: 1/1
    65 | D:1      | Reached skill level 2 in Long Blades
   211 | D:1      | Gained mutation: You are slightly more attuned to the
                  | shadows. [demonic ancestry]
   211 | D:1      | Reached XP level 2. HP: 24/24 MP: 2/2
   772 | D:2      | Gained mutation: You regenerate a little health from kills.
                  | [demonic ancestry]
   772 | D:2      | Reached XP level 3. HP: 27/29 MP: 3/3
  1053 | D:2      | Noticed a +0 dagger
  1055 | D:2      | Noticed a +0 hand axe
  1060 | D:2      | Found a hide-covered altar of Uskayaw.
  1085 | D:2      | Found a snail-covered altar of Cheibriados.
  1142 | D:2      | Reached skill level 3 in Long Blades
  1573 | D:2      | Found a shattered altar of Ashenzari.
  1659 | D:2      | Found a sacrificial altar of Ru.
  1817 | D:2      | Noticed Robin
  1843 | D:2      | Killed Robin
  1843 | D:2      | Reached XP level 4. HP: 33/35 MP: 4/4
  2568 | D:3      | Reached skill level 4 in Long Blades
  2568 | D:3      | Reached XP level 5. HP: 25/41 MP: 5/5
  3080 | D:3      | Slain by a gnoll

Skill      XL: |  1  2  3  4 |
---------------+-------------+-----
Long Blades    | 2 3 4 |  4.3
Armour         | 3 |  3.8
Fighting       | |  3.2
Shields        | |  2.6

Action                   |  1- 3 |  4- 6 || total
-------------------------+-------+-------++-------
Melee: Long sword        |    13 |       ||    13
       Dagger            |   170 |       ||   170
       Falchion          |    37 |   123 ||   160
  Use: Scroll            |       |     9 ||     9
       Potion            |       |     1 ||     1
  Eat: Chunk             |     3 |     4 ||     7
Armor: Scale mail        |    76 |    63 ||   139
Dodge: Dodged            |    49 |    40 ||    89
Block: Shield            |    68 |    61 ||   129
       Rpst.: Long sword |     1 |       ||     1
       Falchion          |     5 |    12 ||    17
